 Dungeon Crawl Stone Soup version 0.20-a0-681-gf83e07f (webtiles) character file.

83 Colliwobble the Cudgeler (level 4, -12/28 HPs)
             Began as a Gargoyle Fighter on Feb 18, 2017.
             Killed by divine providence
             ... invoked by an orc priest
              (16 damage)
             ... on level 3 of the Dungeon.
             The game lasted 00:02:47 (1325 turns).

Colliwobble the Cudgeler (Gargoyle Fighter)         Turns: 1325, Time: 00:02:48

Health: -12/28     AC: 12    Str: 20    XL:     4   Next: 44%
Magic:  4/4        EV:  7    Int:  9    God:
Gold:   51         SH:  9    Dex:  9    Spells: 3/3 levels left

rFire    . . .     SeeInvis .   a - +0 flail
rCold    + . .     Gourm    .   e - +2 scale mail {rC+}
rNeg     + . .     Faith    .   c - +0 shield
rPois    ∞         Spirit   .   (no helmet)
rElec    +         Reflect  .   (no cloak)
rCorr    +         Harm     .   (no gloves)
MR       .....                  (no boots)
Stlth    ..........             (no amulet)
Regen    0.1/turn               (no ring)
MPRegen  0.1/turn               k - ring of resist corrosion

@: no status effects
A: negative energy resistance 1, electricity resistance, unbreathing,
petrification resistance, rot immunity, AC +3
a: no special abilities


You were on level 3 of the Dungeon.
You were hungry.

You visited 1 branch of the dungeon, and saw 3 of its levels.

You collected 51 gold pieces.

Inventory:

Hand Weapons
 a - a +0 flail (weapon)
Armour
 c - a +0 shield (worn)
 e - a +2 scale mail of cold resistance (worn)
Jewellery
 k - a ring of resist corrosion (left hand)
Wands
 t - a wand of digging (10/24)
Scrolls
 g - a scroll of fear {unknown}
 i - 7 scrolls of identify {unknown}
 j - 2 scrolls of teleportation {unknown}
 l - a scroll of magic mapping {unknown}
 p - 2 scrolls of recharging {unknown}
 q - a scroll of remove curse {unknown}
Potions
 b - a potion of heal wounds {unknown}
 d - a potion of might
 h - 2 potions of invisibility {unknown}
 n - 2 potions of degeneration {unknown}
 o - a potion of brilliance {unknown}
 r - a potion of ambrosia {unknown}
 s - a potion of mutation {unknown}
Comestibles
 f - 2 bread rations
 m - 2 royal jellies


   Skills:
 - Level 3.2 Fighting
 + Level 4.5 Maces & Flails
 - Level 3.2 Armour
 - Level 3.2 Shields


You had 3 spell levels left.
You didn't know any spells.

Dungeon Overview and Level Annotations

Branches:
Dungeon (3/15)

Altars:


Innate Abilities, Weirdness & Mutations

You are resistant to torment.
Your stone body is resilient. (AC +3)
You are immune to poison.
You resist negative energy. (rN+)
You are resistant to electric shocks. (rElec)
You can survive without breathing.
You are immune to petrification.
You are immune to rotting.


Message History

You closely miss the rat.
The rat is moderately wounded.
The rat twitches its whiskers.
The rat bites you but does no damage. x2
You sock the rat!
You kill the rat! 2 orcs, an orc warrior and an orc priest come into view.
The orc warrior shouts!
The orc shouts! x2; The orc priest shouts!
The orc priest miscasts a cantrip.
The orc warrior hits you from afar with a trident!
Ouch! That really hurt!
There are monsters nearby!
The orc priest looks satisfied for a moment.
The orc priest calls down the wrath of Beogh upon you.
Beogh smites you!
* * * LOW HITPOINT WARNING * * *
The orc priest invokes the aid of Beogh against you.
Beogh smites you!
Ouch! That really hurt!
You die...

#.#####.#######.#
#..<....#.#
#..#......#
#..#.##.### #..#.##.#
#..#.##<# #..#.####
##..#.# #.@.#.#
#..##.# #######..##.#
........o...#
######..##############
..........# ..ooo...#
#########...#.# #o#
.........o....# #o#
######..o##### #.#


You could see an orc warrior and an orc priest.

Vanquished Creatures
  3 gnolls (D:2)
  An adder (D:2)
  A leopard gecko (D:1)
  2 giant cockroaches (D:1)
  5 goblins
  5 hobgoblins
  6 jackals
  2 quokkas (D:2)
  6 bats
  3 frilled lizards
  5 kobolds
  5 rats
44 creatures vanquished.

Notes
Turn   | Place    | Note
-------+----------+-------------------------------------------
     0 | D:1      | Colliwobble the Gargoyle Fighter began the quest for the Orb.
     0 | D:1      | Reached XP level 1. HP: 14/14 MP: 1/1
   212 | D:1      | Reached XP level 2. HP: 18/19 MP: 2/2
   249 | D:1      | Reached skill level 3 in Maces & Flails
   710 | D:1      | Reached XP level 3. HP: 23/23 MP: 3/3
   900 | D:2      | Reached skill level 4 in Maces & Flails
   949 | D:2      | Reached XP level 4. HP: 28/28 MP: 4/4
  1298 | D:3      | Noticed an orc warrior
  1325 | D:3      | Killed from afar by an orc priest

Vault maps used:
D:1:      dpeg_arrival_signposts
D:2:      minmay_tetromino_o2
D:3:      first_bread

Skill      XL: |  1  2  3 |
---------------+----------+-----
Maces & Flails | 3 4 |  4.5
Fighting       | |  3.2
Armour         | |  3.2
Shields        | |  3.2

Action                   |  1- 3 |  4- 6 || total
-------------------------+-------+-------++-------
Melee: Flail             |   123 |    14 ||   137
  Eat: Chunk             |       |     1 ||     1
Armor: Scale mail        |    89 |     6 ||    95
Dodge: Dodged            |    50 |     4 ||    54
Block: Shield            |    82 |     8 ||    90
